[Event "4NCL Div 1 2024-25"]
[Site "England"]
[Date "2025.01.25"]
[Round "3.2"]
[White "Speelman, Jon S"]
[Black "Olson, Hamish"]
[Result "1-0"]
[Annotator "TA"]
[ECO "A07"]
[WhiteElo "2499"]
[BlackElo "2374"]
[PlyCount "111"]
[EventDate "2024.11.23"]
[EventType "team-tourn"]
[EventCountry "ENG"]
[SourceTitle "playchess.com"]
[Source "ChessBase"]
[SourceQuality "1"]
[TimeControl "40/6000+30:3000+30"]

1. Nf3 d5 2. g3 Nc6 3. Bg2 e5 4. d3 f6 5. c3 a5 6. O-O {[%emt 0:02:43] A07: Réti Opening: New York and Capablanca Systems.} Be6 7. Nbd2 Qd7 8. Qa4 {[%emt 0:00:52] The position is equal.} h5 $146 (8... Nh6 9. b4 b5 10. Qxb5 axb4 11. Nb3 Nf5 12. cxb4 Rb8 13. Qa4 Rxb4 14. Qa3 Rb8 {½-½ Potpara,N (2370)-Basso,P (2552) Niksic Kontic Memorial 2021 (5)}) 9. h4 Bh3 10. Bxh3 Qxh3 11. e4 O-O-O 12. Qb5 {[%emt 0:03:53] Dodges Bc5} dxe4 (12... Qe6 13. Nb3 dxe4 14. dxe4 Qg4) 13. dxe4 {[%emt 0:00:07] A sharp opening} ({White should play} 13. Nxe4 $11 Kb8 14. Re1) 13... Nh6 $15 14. Re1 Ng4 15. Nf1 Bd6 $1 16. a3 g5 $1 $40 {[%emt 0:04:14][%mdl 128] Black is out for blood.} 17. Bxg5 Nxf2 $1 $19 (17... fxg5 $2 18. Nxg5 Nxf2 (18... Na7 $2 19. Qxa5 Nc6 20. Qa8+ Kd7 21. Qxb7 $18) 19. Nxh3 $18) 18. Bxf6 Rhf8 19. Kxf2 Rxf6 20. b4 Rdf8 21. Re3 (21. N1d2 Qh2+ 22. Ke3 Qxg3 23. Rf1) 21... Qh1 $2 (21... Nd4 22. cxd4 exd4) 22. Qe2 Kb8 (22... Ne7 $19 {is more deadly. Hoping for ...Ng8.} 23. Rb1 Ng6) 23. Rd1 (23. Rb1 $17) 23... Ne7 24. Rdd3 Nc8 ({Black should try} 24... c5 $17 25. Ke1 cxb4 26. axb4 axb4) 25. Ke1 $11 Nb6 26. Qh2 {[%emt 0:01:52] Dancing on a razor blade.} Qxh2 27. N1xh2 Nc4 28. Re2 Nxa3 29. bxa5 Nc4 30. Ng5 Rg8 (30... Nxa5 $2 31. Nh7 $18) 31. Ra2 Ka7 32. Nhf3 (32. Rf2 {simplifies} Rxf2 33. Kxf2 Ka6 34. Kg2) 32... Ka6 33. Ke2 Bc5 (33... Rh8 $11) 34. Rd7 $16 Bd6 35. Rh7 {[%emt 0:00:59] Inhibits Rh8.} Nxa5 (35... Na3 $16 36. Rxh5 Nb5) 36. Rxh5 $18 b5 37. Rh7 {[%emt 0:01:11] White is more active.} (37. Nh7 $142 Re6 38. Kf2) 37... c5 (37... Rgf8 $16 38. Rg7 Kb6) 38. Rf7 Rxf7 39. Nxf7 Rxg3 40. Kf2 {[%emt 0:03:17] Repels Rg2+} (40. Nxd6 Rg2+ 41. Ke3 Rxa2 $17) (40. Rxa5+ $6 Kxa5 41. Nxd6 b4 $16) 40... Rg6 41. h5 $1 (41. N7xe5 $6 Re6 $18) (41. N3xe5 Rf6+ 42. Ke3 Bf8 $16) 41... Rf6 42. Nxd6 Rxd6 43. Nxe5 {[%emt 0:00:05][%mdl 4096] Endgame KRN-KRN. White is a pawn up.} Rh6 {[%emt 0:00:00] [#]} 44. Kg3 $1 {[%emt 0:00:00] And now Kg4 would win.} Rxh5 $2 (44... b4 {is more resistant.}) 45. Nc6 Kb6 46. Nxa5 {[%emt 0:00:00] KRN-KR} (46. Rxa5 Kxc6 47. Ra6+ Kc7 $11) 46... c4 47. Kg4 Rh1 48. e5 Re1 49. Kf4 Rf1+ 50. Ke3 Rh1 {[%emt 0:00:00] [#]} 51. Nxc4+ $1 bxc4 {[%emt 0:00:00] [#]} 52. Kd4 $1 Kc6 53. Re2 ({Less strong is} 53. Kxc4 Rh4+ 54. Kd3 Kd5 $16) 53... Kb5 54. e6 {[%emt 0:00:00] White mates.} Rd1+ 55. Ke5 Kc6 56. Re4 {[%emt 0:00:00] Never resign too early!   Weighted Error Value: White=0.36/Black=0.59  Loses game:     	White=1     	---        Mistake:       	White=4     	Black=6      Inaccurate:     	White=4     	Black=4      OK:         	White=14    	Black=18     Best:        	White=5     	---        Strong:       	White=2     	Black=3} 1-0

[Event "4NCL Div 1 2024-25"]
[Site "England"]
[Date "2025.01.25"]
[Round "3.3"]
[White "Gourlay, Iain"]
[Black "Tan, Justin"]
[Result "0-1"]
[Annotator "TA"]
[ECO "A13"]
[WhiteElo "2303"]
[BlackElo "2507"]
[PlyCount "68"]
[EventDate "2024.11.23"]
[EventType "team-tourn"]
[EventCountry "ENG"]
[SourceTitle "playchess.com"]
[Source "ChessBase"]
[SourceQuality "1"]
[TimeControl "40/6000+30:3000+30"]

1. c4 e6 2. g3 d5 3. Bg2 Nf6 4. Nf3 d4 5. O-O c5 6. e3 Nc6 7. exd4 cxd4 8. d3 h6 {[%emt 0:00:00] A13: English Opening: 1...e6.} 9. Re1 (9. Bf4 $14) 9... Bd6 $11 10. Na3 O-O $1 {[%emt 0:00:00] The position is equal.} 11. Nc2 a5 $1 12. a3 e5 13. Rb1 a4 14. Nb4 Nd7 $146 (14... Re8 15. Bd2 Bf5 16. h3 Bxb4 17. Bxb4 e4 18. dxe4 Bxe4 19. Rc1 Qd7 20. Qd2 Bxf3 21. Bxf3 Qxh3 {1-0 Carlsen,M (2859)-Keymer,V (2698) Titled Tuesday intern op 29th Nov Late blitz 2022 (10)}) 15. c5 Bc7 (15... Bxc5 $15 16. Nxc6 bxc6) 16. Bd2 Re8 (16... Nxc5 $6 17. Nxc6 bxc6 18. Bb4 $16) 17. Nh4 Na5 18. Qc2 (18. c6 $14 {stays ahead.}) 18... Nb3 $17 19. c6 {[%emt 0:00:00][%cal Oc6b7] [#] cxb7! would now be deadly.} Ndc5 $36 {[%emt 0:00:00][%csl Ob3][%mdl 2048] Strong Square Black (b3) Black is pushing.} 20. Nd5 (20. Rbd1 $15) 20... Bd6 (20... bxc6 21. Nxc7 Qxc7 22. Bb4 $15) 21. Bb4 (21. f4 $17) 21... bxc6 $19 22. Bxc5 cxd5 (22... Nxc5 23. Nb4 $17) 23. Bxd6 Qxd6 24. f4 f6 25. Qf2 (25. Bf3 $17 {was worth a try.}) 25... Be6 26. fxe5 (26. g4 $142) 26... fxe5 27. Qe2 Bd7 28. Qf3 $2 {[%emt 0:00:10] [#]} (28. Qh5) 28... e4 $1 29. dxe4 (29. Qh5 Nc5) 29... Nd2 $1 30. Qd1 Nxb1 31. Qxd4 Qe5 32. Qf2 (32. Qxe5 {was forced.} Rxe5 33. Rxb1 dxe4 34. Ng6) 32... Rf8 33. Qc2 (33. Nf3 Qh5 34. Qe3) 33... Qd4+ 34. Kh1 Nd2 {[%emt 0:00:11] Weighted Error Value: White=0.69/Black=0.20 (precise)   Mistake:       	White=9     	Black=1      Inaccurate:     	White=2     	Black=1      OK:         	White=7     	Black=8      Best:        	White=3     	Black=3      Strong:       	---       	Black=2      Brilliant:      	---       	Black=1} 0-1

[Event "4NCL Div 1 2024-25"]
[Site "England"]
[Date "2025.01.25"]
[Round "3.5"]
[White "Berry, Neil"]
[Black "Wadsworth, Matthew J"]
[Result "0-1"]
[Annotator "TA"]
[ECO "D17"]
[WhiteElo "2248"]
[BlackElo "2461"]
[PlyCount "120"]
[EventDate "2024.11.23"]
[EventType "team-tourn"]
[EventCountry "ENG"]
[SourceTitle "playchess.com"]
[Source "ChessBase"]
[SourceQuality "1"]
[TimeControl "40/6000+30:3000+30"]

1. d4 d5 2. c4 c6 3. Nf3 Nf6 4. Nc3 dxc4 5. a4 Bf5 6. Ne5 e6 7. f3 Bb4 8. Nxc4 {[%emt 0:02:03] is more profitable than 8.e4 at the moment.} O-O 9. Kf2 {[%emt 0:01:50] D17: Slav Defence: 5 a4 Bf5: Lines with 6 Nh4 and 6 Ne5.} h6 10. e4 Bh7 11. Be3 {[%emt 0:03:01] White has an edge.} a5 12. Be2 Nfd7 13. Na2 $146 (13. Qb3 Na6 14. Na2 f5 15. Nxb4 Nxb4 16. Nd6 Qe7 17. Nxf5 Bxf5 18. exf5 Rxf5 19. Rhe1 {1-0 Assaubayeva,B (2472)-Mammadzada,G (2449) Wch Blitz (Women) 2023 (13)}) 13... Be7 14. Qb3 Qc7 15. Rac1 Na6 16. g3 Nb4 17. Nxb4 Bxb4 18. Rhd1 Kh8 19. Bf4 Qd8 20. Bd6 (20. Bd2 $16) 20... b5 $11 21. Bxf8 (21. axb5 $5 cxb5 22. Bxf8 bxc4 23. Bxg7+ Kxg7 24. Qxc4 $11) 21... bxc4 22. Bxg7+ Kxg7 23. Bxc4 Rb8 24. Qe3 {[%emt 0:01:10] Repels Be1+} Bd6 {[%emt 0:03:20][%mdl 1024] Black has compensation.} 25. b3 Qg5 26. Rc3 (26. Qxg5+ hxg5 27. Ba6 Rxb3 28. Rxc6 Bb4 $17) 26... Bb4 27. Rc2 Rb6 28. Be2 Qxe3+ 29. Kxe3 c5 (29... f5 $15) 30. d5 e5 (30... exd5 $11 31. Rxd5 Rb7) 31. Bb5 $16 Rd6 32. Bxd7 (32. f4 $16) 32... Rxd7 $14 33. g4 f6 34. Rdc1 Rb7 35. Rd1 Bg6 36. Kf2 Kf8 37. Ke3 Ke7 38. h4 Ba3 39. Rd3 Kd6 40. Kd2 ({White should try} 40. h5 $11 Be8 41. Kd2) 40... h5 41. Ke3 $1 Rh7 {[%emt 0:21:53] and ...hxg4 would now be decisive} 42. Rg2 hxg4 43. Rxg4 Bc1+ 44. Ke2 Bf7 45. Rd1 Bh6 46. Rdg1 Rh8 47. Kd3 Ke7 48. Kc4 Rb8 49. Re1 (49. h5 $1 $15) 49... Kd6 (49... Rb4+ $17 50. Kc3 (50. Kxc5 $2 Kd7 $19) 50... Rd4) 50. Kc3 Rb4 51. Reg1 (51. h5 $11 {remains equal.}) 51... Ke7 {[%emt 0:01:16] Black is more active.} (51... Be3 $17 52. Rg7 Bd4+ 53. Kc2 c4 54. bxc4 Be8 (54... Rxc4+ $2 55. Kd2 $19) (54... Rxa4 55. Rb1 $11)) 52. h5 $1 $11 Rb8 (52... Bxh5 $2 {is the wrong capture.} 53. Rh4 c4 (53... Be3 $2 54. Rg7+ Kd6 55. Rxh5 $18) 54. Rxh5 $18) 53. Rh1 Rb4 (53... f5 $5 54. Rg2 Rb4 $17) 54. Rh2 {[%emt 0:01:59] [#]} (54. Rhg1 $11) 54... Rd4 ({Black should play} 54... f5 $1 $17 55. Rg6 Bxg6 56. hxg6 Bg7 57. d6+ (57. Rh7 $2 Kf6 $19) 57... Kxd6) 55. Rg1 {[%emt 0:00:38] [#]} f5 $1 56. Rg6 $2 {[%emt 0:00:20][%mdl 8192] This move loses the game for White.} (56. Re2 Bxh5) 56... Bxg6 $19 57. hxg6 Bg7 58. exf5 Kf6 59. Rh7 Rf4 60. Rh3 Kxf5 {[%emt 0:00:17] Weighted Error Value: White=0.34/Black=0.19 (very precise)   Loses game:     	White=1     	---        Mistake:       	White=6     	Black=5      Inaccurate:     	White=7     	Black=8      OK:         	White=10    	Black=17     Best:        	White=2     	Black=3      Strong:       	White=2     	---} 0-1

[Event "4NCL Div 1 2024-25"]
[Site "England"]
[Date "2025.01.25"]
[Round "3.6"]
[White "Jackson, James P"]
[Black "McKay, Roderick M"]
[Result "1-0"]
[Annotator "TA"]
[ECO "A21"]
[WhiteElo "2373"]
[BlackElo "2177"]
[PlyCount "49"]
[EventDate "2024.11.23"]
[EventType "team-tourn"]
[EventCountry "ENG"]
[SourceTitle "playchess.com"]
[Source "ChessBase"]
[SourceQuality "1"]
[TimeControl "40/6000+30:3000+30"]

1. c4 d6 2. Nc3 e5 3. Nf3 f5 4. d4 e4 5. Ng1 Nf6 6. Bf4 {[%emt 0:02:01] A21: English Opening: 1...e5 2 Nc3.} Nh5 $146 (6... Be7 7. e3 O-O 8. Bg3 c6 9. h4 Na6 10. Nh3 Nc7 11. Be2 a6 12. Qb3 Qe8 13. Nf4 {½-½ Hess,M (2385)-Mons,L (2509) GER-ch Rapid 49th 2023 (4)}) 7. Bg3 f4 {[%emt 0:08:18] [#] Hoping for ...e3.} 8. e3 $1 {[%emt 0:00:06] The position is equal.} fxg3 9. Qxh5+ g6 10. Qe2 gxf2+ 11. Qxf2 Bh6 12. h4 (12. Nxe4 Bf5 13. Ng3 O-O $14) 12... Nc6 13. Nxe4 (13. O-O-O $14 {keeps the upper hand.}) 13... Rf8 (13... Bf5 $17 14. Ng5 O-O) 14. Qd2 $1 $11 Bf5 {[%emt 0:22:53] Black sacrificed a pawn} 15. Ng5 Bxg5 16. hxg5 Qxg5 17. O-O-O Bg4 18. Re1 O-O-O 19. Rxh7 Rde8 20. Nh3 Qf6 (20... Bxh3 $14 21. Rxh3 Rf6) 21. Nf4 $16 {[%emt 0:02:46] Black must now prevent Nd5.} Nxd4 {[%emt 0:06:54] [#]} 22. Qa5 $2 (22. Nd5 $1 $18 Qxf1 23. Rxc7+ Kb8 24. Qb4 (24. Nf4 $2 Rxf4 25. b3 Qf2 $19)) 22... Rf7 $15 23. Nd5 $2 ({Better is} 23. Rxf7 $15 Qxf7 24. Qc3 (24. Qxa7 $2 Nc6 $19)) 23... Qxf1 $4 (23... Qf2 $19 24. Qd2 Qxd2+ 25. Kxd2 Rxh7 26. exd4 Rxe1 27. Kxe1 Bf5) 24. Qxc7+ (24. Nxc7 $2 Qxc4+ (24... Rxe3 25. Rh8+ Kd7 26. Rxf1 $11) 25. Qc3 Ne2+ (25... Qxc7 $2 26. Rxf7 Ne2+ 27. Rxe2 $19) (25... Rxc7 $2 26. Rxc7+ Qxc7 27. Qxc7+ Kxc7 28. Kd2 $19) 26. Rxe2 Qxe2 $19 (26... Qxc3+ $2 27. bxc3 Rxh7 28. Nxe8 $19)) 24... Rxc7 25. Rxc7+ {[%emt 0:00:04] Weighted Error Value: White=0.82/Black=0.48  Loses game:     	White=1     	---        Missed win:     	White=1     	Black=1      Mistake:       	White=1     	Black=3      Inaccurate:     	White=2     	Black=1      OK:         	White=6     	Black=5      Best:        	White=1     	Black=2      Strong:       	White=2     	---} (25. Rxf1 $2 {is the wrong capture.} Ne2+ (25... Rxh7 $2 26. exd4 Rh2 27. Kd2 $19) (25... Rxc4+ $2 26. Nc3 $19) 26. Kb1 Rxh7 $19) 1-0

[Event "4NCL Div 1 2024-25"]
[Site "England"]
[Date "2025.01.25"]
[Round "3.7"]
[White "Shafi, Declan"]
[Black "Haydon, David L"]
[Result "1/2-1/2"]
[Annotator "TA"]
[ECO "B01"]
[WhiteElo "2181"]
[BlackElo "2294"]
[PlyCount "118"]
[EventDate "2024.11.23"]
[EventType "team-tourn"]
[EventCountry "ENG"]
[SourceTitle "playchess.com"]
[Source "ChessBase"]
[SourceQuality "1"]
[TimeControl "40/6000+30:3000+30"]

1. e4 d5 2. exd5 Qxd5 3. Nc3 Qd6 4. d4 Nf6 5. Bc4 c6 6. Nge2 {[%emt 0:03:55] B01: Scandinavian Defence.} e6 7. O-O Be7 8. Ng3 {[%emt 0:07:08] White is slightly better.} O-O $146 (8... Nbd7 9. Nce4 Qc7 10. c3 Nb6 11. Nxf6+ gxf6 12. Be2 Bd7 13. Bh5 O-O-O 14. Bh6 Be8 {1-0 Bolacky,J (2257)-Nedela,V (2374) CZE-chT1 East 0506 2005 (4.2)}) 9. Nce4 Qd8 10. Nxf6+ Bxf6 11. c3 Nd7 12. Nh5 e5 13. Nxf6+ Qxf6 14. Be3 $1 Nb6 15. dxe5 Qxe5 16. Bd4 Qg5 17. f4 Qa5 {[%emt 0:13:57] Black is weak on the dark squares} (17... Qg6 $11 18. Bb3 Bf5) 18. b4 Qf5 19. Bd3 Qd5 {[%emt 0:05:39] [#]} (19... Qg4 $16) 20. f5 (20. Re1 $1 $18 {[%cal Re1e5] and the rest is easy.}) 20... f6 $16 21. Rf4 Nc4 (21... Kh8 $16 22. a4 Re8) 22. Qe2 Ne5 23. c4 $2 (23. Bc2 $18 Kh8 24. Rh4) 23... Qd6 ({Black should play} 23... Nxd3 $1 $14 24. cxd5 (24. Qxd3 Qd6 $11) 24... Nxf4) 24. c5 Qc7 {[%emt 0:00:32] aiming for ...Nxd3.} 25. Bc2 {[%emt 0:00:55] A strong pair of Bishops.} (25. Bxe5 {simplifies} Qxe5 26. Qxe5 fxe5 27. Rf3) 25... a5 (25... Ng6 $16 {is a better defense.} 26. Rf3 Ne7) 26. a4 (26. Rh4 $18 {and White stays clearly on top. Strongly threatening Bb3+.} h6 27. bxa5) 26... axb4 27. Bb3+ Kh8 {[%emt 0:00:00][%cal Oe5g6] [#]} 28. Raf1 $1 Bd7 29. Rh4 {[%emt 0:04:38][%cal Oh4h7] Intending Rxh7+! and mate.} Be8 30. Bxe5 fxe5 31. Rxb4 {[%emt 0:00:17] White is much more active.} (31. Qe3 $16 Rf6 32. g4 (32. Rxb4 Bf7 $16)) 31... Ra5 (31... Bf7 $11 {keeps the balance.}) 32. Qe3 Qe7 {[%emt 0:00:00][%cal Oe8f7] Prevents Rh4.} 33. Be6 e4 34. Rfb1 (34. Qxe4 $6 Qxc5+ 35. Qd4 Qxd4+ 36. Rxd4 Ra8 $14) ({Better is} 34. Rc1 $18) 34... Qxc5 35. Qxc5 ({Reject} 35. Rxe4 $6 Qxe3+ 36. Rxe3 b5 $14) 35... Rxc5 36. Rxe4 (36. Rxb7 {looks sharper.} e3 37. Re1 Re5 38. g4) 36... g6 37. g4 gxf5 38. gxf5 Bf7 39. Rbe1 Kg7 {[%emt 0:02:12] The position is equal.} 40. Rb4 Rb8 41. Rd1 Bxe6 42. fxe6 $11 {[%emt 0:00:05][%mdl 4096] Endgame KRR-KRR} Kf6 43. Rd7 Rf5 {[%emt 0:11:09] ( -> ...Rg8+)} (43... Kxe6 44. Rxh7 b5 45. axb5) 44. h3 Rg8+ 45. Kh2 Rf2+ 46. Kh1 Rfg2 47. Rb1 {[%emt 0:03:05] Repels Rg1+} R2g7 48. Rdxb7 Rxb7 49. Rxb7 Kxe6 {[%emt 0:00:04] KR-KR} 50. a5 h5 51. a6 Rg3 52. Kh2 Ra3 53. a7 c5 54. Kg2 Kd5 55. Kf2 Kc6 56. Rh7 Kb6 57. Ke2 Rxa7 58. Rxh5 Rd7 59. Re5 c4 {[%emt 0:00:28] Black escapes into a draw.   Weighted Error Value: White=0.17 (very precise) /Black=0.17 (very precise)   Mistake:       	White=5     	Black=6      Inaccurate:     	White=3     	Black=2      OK:         	White=16    	Black=20     Best:        	White=3     	Black=6      Strong:       	White=2     	---} 1/2-1/2

[Event "4NCL Div 1 2024-25"]
[Site "England"]
[Date "2025.01.25"]
[Round "3.9"]
[White "Gormally, Daniel W"]
[Black "Lupulescu, Constantin"]
[Result "0-1"]
[Annotator "TA"]
[ECO "D52"]
[WhiteElo "2424"]
[BlackElo "2597"]
[PlyCount "54"]
[EventDate "2024.11.23"]
[EventType "team-tourn"]
[EventCountry "ENG"]
[SourceTitle "playchess.com"]
[Source "ChessBase"]
[SourceQuality "1"]
[TimeControl "40/6000+30:3000+30"]

1. d4 Nf6 2. Nf3 d5 3. c4 e6 4. Nc3 Nbd7 5. Bg5 c6 6. e3 Qa5 7. cxd5 Nxd5 8. Qd2 Bb4 9. Rc1 e5 10. Bd3 h6 $5 {[%emt 0:01:19][%mdl 4] Leaves trodden paths.} 11. Bh4 O-O 12. O-O {[%emt 0:00:12] D52: Queen's Gambit Declined: Cambridge Springs Variation.} Re8 {[%emt 0:00:11][%cal Oe5e4] White must now prevent ...e4!.} 13. e4 Nf4 14. Bc4 {[%emt 0:01:32][%cal Oc4f7] White has an edge.} Ng6 {[%emt 0:14:52] A sharp opening} 15. Bg3 $146 (15. a3 Bxc3 16. Qxc3 Qxc3 17. bxc3 Nb6 18. Bd3 Nf4 19. Bb1 Ne2+ 20. Kh1 Nxc1 21. Rxc1 Nc4 22. a4 Bg4 23. Nxe5 Nxe5 24. dxe5 Rxe5 25. f3 Be6 26. Be7 Bb3 {0-1 Alperin,M (1338)-Boettcher,F (2128) LSS CP-2006-P-00084}) 15... exd4 16. Qxd4 Nb6 (16... Nf6 {simplifies} 17. e5 Nh5 18. a3 Bxc3 19. Rxc3 Be6) 17. Bb3 Bg4 18. Rfd1 Re7 19. h3 Bxf3 20. gxf3 Rd7 21. Qe3 Qh5 22. Rxd7 (22. e5 $11) 22... Nxd7 $15 23. Qd4 {[%emt 0:00:05] White does not recover from this.} (23. Kh2 $15) 23... Qxh3 24. Qxb4 $2 (24. Bxf7+ {is the only way for White.} Kxf7 25. Qxb4) 24... Nde5 $19 {[%emt 0:00:56][%cal Re5f3] Black is clearly winning.} 25. Bd1 {[%emt 0:00:04][%cal Ob4d4] [#] Qd4! is the strong threat.} (25. Qxb7 $2 Nxf3#) 25... Nd3 $1 {[%emt 0:05:34][%csl LRb4,LRc1] ( -> ...Ne1) Excellent horsemanship.} 26. Qc4 {[%emt 0:00:05] [#]} (26. Qxb7 Ne1) 26... Rd8 ({Not} 26... Nxc1 27. Nb1 $19) 27. Bb3 (27. Nd5 $142 Nxc1 (27... cxd5 $2 {too greedy.} 28. Qxd3 h5 29. exd5 $18) 28. Qxc1 cxd5 29. Bb3) 27... Nge5 {[%emt 0:01:59] Weighted Error Value: White=0.63/Black=0.08 (flawless)   Loses game:     	White=1     	---        Mistake:       	White=3     	---        Inaccurate:     	White=2     	Black=1      OK:         	White=4     	Black=7      Best:        	White=1     	Black=2      Strong:       	---       	Black=1} 0-1

[Event "4NCL Div 1 2024-25"]
[Site "England"]
[Date "2025.01.25"]
[Round "3.10"]
[White "Parligras, Mircea-Emilian"]
[Black "Bates, Richard A"]
[Result "1-0"]
[Annotator "TA"]
[ECO "E90"]
[WhiteElo "2528"]
[BlackElo "2315"]
[PlyCount "57"]
[EventDate "2024.11.23"]
[EventType "team-tourn"]
[EventCountry "ENG"]
[SourceTitle "playchess.com"]
[Source "ChessBase"]
[SourceQuality "1"]
[TimeControl "40/6000+30:3000+30"]

1. d4 Nf6 2. c4 g6 3. Nc3 Bg7 4. e4 d6 5. h3 O-O 6. Be3 c5 7. Nf3 Nbd7 (7... cxd4 $11 {keeps the balance.} 8. Nxd4 a6) 8. d5 $16 {[%emt 0:10:49] E90: King's Indian: Classical: Early deviations and 6 h3.} b5 {[%emt 0:11:04] is now more promising than 8...a6.} 9. cxb5 {[%emt 0:00:35] White is more active.} (9. Nxb5 Nxe4 10. Bd3 a6 $17) 9... a6 10. a4 {[%emt 0:02:07] White is better.} Qa5 11. Nd2 axb5 12. Bxb5 Ba6 13. Ra3 Bxb5 14. axb5 {[%emt 0:00:10][%csl Ob5] White has a strong passed pawn} Qb6 $146 {[%emt 0:02:24] Black is on the road to losing.} (14... Qc7 $14 {is more appropriate.}) (14... Qc7 15. Qb3 Nb6 16. O-O Nfd7 17. Rfa1 Rab8 18. Nc4 Nxc4 19. Qxc4 Rb7 20. Ra8 Rfb8 {1-0 Hoi,C (2380)-Larsen,S Time Manager Cup 1985 (6)}) 15. Nc4 Qb7 {[%emt 0:05:18] [#]} (15... Qc7 $16) 16. Na5 $1 $18 Qc7 17. Nc6 Nb6 18. Qb3 Qd7 19. O-O e6 20. Rfa1 exd5 21. exd5 ({Don't do} 21. Nxd5 Nfxd5 22. exd5 (22. Rxa8 Rxa8 23. Rxa8+ Nxa8 $18) 22... Rxa3 23. Rxa3 Kh8 $18) 21... Kh8 (21... Rxa3 {keeps fighting.} 22. Rxa3 Qe8) 22. Rxa8 {[%emt 0:02:42] White is clearly winning.} Rxa8 23. Rxa8+ Nxa8 24. b6 {[%emt 0:03:04][%cal Bb5b6,Bb6b7][%mdl 32] [#] Hoping for b7.} Qb7 25. Na4 Nd7 (25... Nxb6 $142 26. Qxb6 Qa8 27. Qd8+ Qxd8 28. Nxd8 Kg8) 26. Na5 Qb8 27. b7 Nc7 28. Nc6 Qe8 29. Nb6 {[%emt 0:00:59] Weighted Error Value: White=0.09 (flawless) /Black=0.77  Mistake:       	---       	Black=4      Inaccurate:     	White=1     	Black=2      OK:         	White=8     	Black=5      Strong:       	White=1     	---} 1-0

[Event "4NCL Div 1 2024-25"]
[Site "England"]
[Date "2025.01.25"]
[Round "3.11"]
[White "Ledger, Andrew J"]
[Black "Royal, Shreyas"]
[Result "1-0"]
[Annotator "TA"]
[ECO "D35"]
[WhiteElo "2328"]
[BlackElo "2520"]
[PlyCount "99"]
[EventDate "2024.11.23"]
[EventType "team-tourn"]
[EventCountry "ENG"]
[SourceTitle "playchess.com"]
[Source "ChessBase"]
[SourceQuality "1"]
[TimeControl "40/6000+30:3000+30"]

1. d4 Nf6 2. c4 e6 3. Nf3 d5 4. Nc3 Nbd7 5. cxd5 exd5 6. Qc2 {[%emt 0:00:28] D35: Queen's Gambit Declined: Exchange Variation.} Bb4 7. a3 Bxc3+ 8. Qxc3 {[%emt 0:00:39] The position is equal.} Ne4 9. Qc2 O-O 10. e3 c5 11. Bd3 Re8 12. O-O c4 13. Be2 $146 (13. Bxe4 $11 Rxe4 14. Bd2) (13. Bxe4 Rxe4 14. b3 Nb6 15. a4 Re8 16. Bd2 cxb3 17. Qxb3 Nc4 18. Bc3 b6 19. Ne5 Be6 20. Qb5 Rc8 21. Rfc1 Nxe5 22. dxe5 Rc5 23. Qb2 {½-½ Szczepaniak,A-Wikman,B Baltic Sea tt6 corr9196 1991}) 13... Nb6 14. Bd2 Bf5 {[%emt 0:00:39][%cal Oe4g3] and ...Ng3! should not be overlooked} 15. Qd1 {[%emt 0:00:32] Strong Square Black (e4) White is weak on the light squares} Nxd2 16. Qxd2 Nc8 17. b3 Nd6 18. bxc4 dxc4 19. a4 Qb6 20. Ne5 Rac8 21. Rfc1 Qb3 22. Qa2 Be6 23. Qa3 Qxa3 24. Rxa3 f6 25. Nf3 Ne4 26. Kf1 c3 {[%emt 0:03:14] [#]} (26... g5 $11) 27. Bd3 (27. Ke1 $1 $16) 27... Bc4 $14 28. Ne1 Bxd3+ 29. Nxd3 Rc4 30. Ke2 Rec8 (30... a6 $14) 31. f3 Nd6 32. Nc5 $36 {[%emt 0:02:03][%mdl 2048] White is in control.} b6 33. Ne4 Nxe4 34. fxe4 $16 {[%emt 0:00:05][%mdl 4096] Endgame KRR-KRR} Rb4 35. Kd3 (35. Rcxc3 Rxc3 36. Rxc3 Rxa4) 35... Rb2 36. Rc2 Rxc2 37. Kxc2 {[%emt 0:00:05] KR-KR} Rc4 38. a5 ({Resist} 38. Rxc3 $6 Rxa4 39. d5 Kf8 $14 (39... Rxe4 $2 {too greedy.} 40. d6 $18)) 38... b5 $2 {[%emt 0:04:25] [#] This move loses the game for Black.} (38... h5 $16 39. axb6 (39. Rxc3 Ra4 $18) 39... axb6 40. Rxc3 Ra4) 39. Rxc3 $18 Rxc3+ (39... Ra4 40. Rc8+ Kf7) 40. Kxc3 {[%emt 0:00:05] KP-KP. White is a pawn up.} a6 41. d5 Kf7 42. Kd4 Ke7 43. e5 Kd7 44. e6+ {[%emt 0:00:00] White mates.} Kd6 45. g4 g6 46. e4 g5 47. h3 h6 48. Kd3 Ke7 49. Kc3 Kd6 50. Kd4 {[%emt 0:00:00] Weighted Error Value: White=0.07 (flawless) /Black=0.44  Loses game:     	---       	Black=1      Mistake:       	White=2     	Black=3      Inaccurate:     	White=2     	Black=3      OK:         	White=16    	Black=12     Best:        	White=3     	Black=1} 1-0